 Dungeon Crawl Stone Soup version 0.21.1-1-g345015f (webtiles) character file.

27423 Fang the Cleaver (level 13, -16/84 HPs)
             Began as a Gargoyle Berserker on May 9, 2018.
             Was a High Priest of Trog.
             Shot with a bolt by a yaktaur (25 damage)
             ... on level 13 of the Dungeon.
             The game lasted 00:28:37 (17921 turns).

Fang the Cleaver (Gargoyle Berserker)              Turns: 17921, Time: 00:28:38

Health: -16/84     AC: 22    Str: 28    XL:     13   Next: 32%
Magic:  4/4        EV: 16    Int:  9    God:    Trog [*****.]
Gold:   1206       SH:  0    Dex:  9    Spells: 12/12 levels left

rFire    . . .     SeeInvis .   C - +4 battleaxe (antimagic)
rCold    . . .     Gourm    .   (shield currently unavailable)
rNeg     + . .     Faith    .   b - +2 animal skin
rPois    ∞         Spirit   .   l - +2 helmet
rElec    +         Reflect  .   (no cloak)
rCorr    .         Harm     .   (no gloves)
MR       .....                  B - +2 pair of boots {run}
Stlth    +++.......             (no amulet)
HPRegen  0.24/turn              i - +3 ring of strength
MPRegen  0.09/turn              o - +2 ring of protection

@: quick
A: negative energy resistance 1, electricity resistance, unbreathing,
petrification resistance, rot immunity, AC +9
a: Berserk, Trog's Hand, Brothers in Arms, Burn Spellbooks, Renounce Religion


You were on level 13 of the Dungeon.
You worshipped Trog.
Trog was extremely pleased with you.
You were not hungry.

You visited 2 branches of the dungeon, and saw 16 of its levels.

You collected 1286 gold pieces.
You spent 80 gold pieces at shops.

Inventory:

Hand Weapons
 C - a +4 antimagic battleaxe (weapon)
Armour
 b - a +2 animal skin (worn)
 l - a +2 helmet (worn)
 B - a +2 pair of boots of running (worn)
Jewellery
 i - a +3 ring of strength (left hand)
 o - a +2 ring of protection (right hand)
 w - a +5 ring of dexterity
Wands
 q - a wand of random effects (29)
 r - a wand of disintegration (17)
 s - a wand of acid (20)
 u - a wand of flame (84)
 v - a wand of clouds (6)
 y - a wand of iceblast (29)
 z - a wand of digging (11)
 D - a wand of polymorph (21)
Scrolls
 e - a scroll of enchant armour
 h - 2 scrolls of identify
 k - 5 scrolls of teleportation
 m - 7 scrolls of remove curse
 p - 4 scrolls of fear
 x - 2 scrolls of magic mapping
Potions
 d - 3 potions of haste
 f - 3 potions of flight
 g - 2 potions of agility
 j - 2 potions of mutation
 n - 2 potions of curing
 t - 3 potions of magic
 A - a potion of brilliance
 E - a potion of might
 F - 2 potions of cancellation
 G - a potion of heal wounds
Comestibles
 c - 18 rations


   Skills:
 + Level 11.3 Fighting
 + Level 14.1 Axes
 + Level 2.4 Armour
 + Level 9.8 Dodging
 + Level 5.4 Stealth


You had 12 spell levels left.
You didn't know any spells.

Dungeon Overview and Level Annotations

Branches:
Dungeon (13/15)            Temple (0/1) D:6            Lair (3/6) D:9
 Shoals (0/4) Lair:3          Orc (0/2) D:9
  Snake: Lair:2-4    Spider: Lair:2-4    Vaults: D:13-14

Altars:
Cheibriados
Fedhas
Gozag
Hepliaklqana
Kikubaaqudgha
Ru
Trog
Uskayaw
Wu Jian
Yredelemnul
Zin
The Shining One

Shops:
D:5 !   D:6 *   D:7 ![   D:9 (

Portals:
Trove: D:12 (give 14 scrolls of teleportation)

Annotations:
Lair:3 exclusion: 2 oklob plants


Innate Abilities, Weirdness & Mutations

You are resistant to torment.
Your stone body is resilient. (AC +9)
You are immune to poison.
You resist negative energy. (rN+)
You are resistant to electric shocks. (rElec)
You can survive without breathing.
You are immune to petrification.
You are immune to rotting.


Message History

You slice the komodo dragon!!
You kill the komodo dragon!
Trog accepts your kill.
The yaktaur shoots a bolt.
The bolt hits you!
Things that are here:
a bolt; a komodo dragon corpse The yaktaur shoots a bolt.
The bolt barely misses you.
You see here a bolt.
The yaktaur shoots a bolt.
The bolt completely misses you.
The yaktaur shoots a bolt.
The bolt hits you!!
* * * LOW HITPOINT WARNING * * *
You see here a bolt.
The yaktaur shoots a bolt.
The bolt hits you!
* * * LOW HITPOINT WARNING * * *
You see here 2 bolts.
The yaktaur shoots a bolt.
The bolt completely misses you.
The yaktaur shoots a bolt.
The bolt misses you.
You see here a bolt.
The yaktaur shoots a bolt.
The bolt hits you!!
You die...

*,.........##'##..#........
*,.............#..#........
*,.............#..#.......,
*,..........(.<#.......#,,,
***###....(.(..#.......#,,,
******#*#≈≈.......#.......#,,,
*,,,*,..#≈≈≈...(..#..#..#.####
*,,,+...p≈≈≈≈(....#..#..#..#..
*,,,*...c≈≈≈≈@....#..#..#..#..
*,,,*####≈≈≈≈.....#..####..###
*,,,* #≈≈≈≈.....#...,,#..#..
****,,,****#≈≈≈......#...,,#..'..
⌠,⌠*,,,,,,,+.........#..##+#..#..
,∩,+,,,*,,,+.........#,,*,,####..
⌠,⌠*,,,,,,,+.........#,,*,,,,,##'
****,,,****#≈≈≈......#,,*,,,,,#..
*,,,* #≈≈≈≈.....#********#..


You could see a vault guard and a yaktaur.

Vanquished Creatures
  3 hydras
  A catoblepas (D:13)
  Erica (D:8)
  2 two-headed ogres
  2 tengu warriors (D:12)
  The ghost of smashgrab61 the Slasher, a novice DsBe of Trog (D:7)
  A wizard (D:10)
  5 elephants (Lair:3)
  A black mamba (Lair:3)
  Joseph (Lair:1)
  2 centaur skeletons
  5 spiny frogs
  A rime drake (Lair:1)
  3 komodo dragons
  A troll (D:10)
  A tengu conjurer (D:12)
  Prince Ribbit (D:8)
  5 blink frogs (Lair:2)
  5 hippogriffs
  Sigmund (D:3)
  A wyvern (D:11)
  18 yaks
  Eustachio (D:6)
  4 basilisks
  A human (D:5)
  3 hungry ghosts
  Menkaure (D:6)
  3 water moccasins
  6 porcupines
  4 phantoms
  5 orc warriors
  2 sky beasts
  A black bear (D:7)
  An ice beast (D:7)
  A necrophage (D:11)
  10 ogres
  7 centaurs
  3 big kobolds
  7 crocodiles
  13 bullfrogs
  3 gnoll sergeants
  3 scorpions
  12 killer bees
  A vampire bat (D:5)
  4 wights (D:6)
  8 howler monkeys
  5 crimson imps
  A centaur zombie (D:5)
  A bullfrog skeleton (D:7)
  A gnoll shaman (D:8)
  7 hounds
  10 orc priests
  3 jellies
  6 iguanas
  13 orc wizards
  11 worker ants
  A hound zombie (D:5)
  14 gnolls
  7 adders
  A shadow imp (D:10)
  An ooze (D:1)
  An adder zombie (D:9)
  3 adder skeletons
  3 worms (D:3)
  A dart slug (D:1)
  3 leopard geckos
  40 orcs
  5 giant cockroaches
  8 goblins
  11 hobgoblins
  4 jackals (D:11)
  24 kobolds
  6 quokkas
  A ball python skeleton (D:4)
  18 bats
  7 frilled lizards
  A kobold skeleton (D:5)
  2 leopard gecko skeletons (D:5)
  A leopard gecko zombie (D:7)
  2 quokka skeletons (D:4)
  A quokka zombie (D:6)
  6 rats
  2 plants
398 creatures vanquished.

Vanquished Creatures (others)
  A quokka skeleton (D:6)
  2 fungi (Lair:3)
  3 plants
6 creatures vanquished.

Grand Total: 404 creatures vanquished

Notes
Turn   | Place    | Note
-------+----------+-------------------------------------------
     0 | D:1      | Fang the Gargoyle Berserker began the quest for the Orb.
     0 | D:1      | Reached XP level 1. HP: 14/14 MP: 1/1
   136 | D:1      | Reached XP level 2. HP: 13/19 MP: 2/2
   213 | D:1      | Reached skill level 3 in Axes
   244 | D:2      | Reached XP level 3. HP: 19/24 MP: 3/3
   672 | D:2      | Reached ** piety under Trog
  1132 | D:1      | Reached XP level 4. HP: 29/29 MP: 4/4
  1854 | D:3      | Found a blossoming altar of Fedhas.
  1854 | D:3      | Found an ornate altar of the Wu Jian Council.
  1854 | D:3      | Found a glowing golden altar of the Shining One.
  1854 | D:3      | Found an opulent altar of Gozag.
  1854 | D:3      | Found an ancient bone altar of Kikubaaqudgha.
  1984 | D:3      | Noticed Sigmund
  1993 | D:3      | Killed Sigmund
  1993 | D:3      | Reached skill level 4 in Axes
  1993 | D:3      | Reached XP level 5. HP: 33/33 MP: 5/5
  1993 | D:3      | Reached XP level 6. HP: 38/38 MP: 6/6
  2414 | D:4      | Reached skill level 1 in Stealth
  2552 | D:4      | Reached *** piety under Trog
  2747 | D:4      | Reached skill level 5 in Axes
  3404 | D:4      | Reached XP level 7. HP: 41/44 MP: 7/7
  3439 | D:4      | Found a snail-covered altar of Cheibriados.
  3607 | D:5      | Entered Level 5 of the Dungeon
  3724 | D:5      | Found Houj's Distillery.
  3763 | D:5      | Found a hide-covered altar of Uskayaw.
  3765 | D:5      | Noticed a dagger
  3766 | D:5      | Noticed a hand axe
  3903 | D:5      | Reached skill level 5 in Fighting
  3912 | D:5      | Reached skill level 6 in Axes
  4139 | D:5      | Found a glowing silver altar of Zin.
  4155 | D:5      | Reached XP level 8. HP: 21/49 MP: 8/8
  4163 | D:5      | Reached **** piety under Trog
  4524 | D:5      | Found a runed door.
  4529 | D:5      | Found a basalt altar of Yredelemnul.
  4553 | D:5      | Reached skill level 7 in Axes
  4786 | D:6      | Noticed Eustachio
  4827 | D:6      | Reached skill level 5 in Dodging
  4834 | D:6      | Killed Eustachio
  4834 | D:6      | Reached XP level 9. HP: 46/55 MP: 9/9
  5306 | D:6      | Reached skill level 8 in Axes
  5360 | D:6      | Found a bloodstained altar of Trog.
  5373 | D:6      | Found Wasej's General Store.
  5504 | D:6      | Noticed Menkaure
  5509 | D:6      | Killed Menkaure
  5696 | D:6      | Found a staircase to the Ecumenical Temple.
  5948 | D:7      | Found a hazy altar of Hepliaklqana.
  5958 | D:7      | Reached skill level 9 in Axes
  6069 | D:7      | Found Inuorch's Distillery.
  6115 | D:7      | Bought a potion of heal wounds for 80 gold pieces
  6220 | D:7      | Paralysed by fainting for 5 turns
  6233 | D:7      | Paralysed by fainting for 7 turns
  6307 | D:7      | Found Fagacs's Antique Armour Emporium.
  6376 | D:7      | Reached XP level 10. HP: 61/61 MP: 10/10
  6510 | D:7      | Noticed smashgrab61's ghost (novice DsBe)
  6544 | D:7      | Killed smashgrab61's ghost
  6943 | D:8      | Noticed Erica
  6970 | D:8      | Killed Erica
  6970 | D:8      | Reached skill level 10 in Axes
  7180 | D:8      | Paralysed by fainting for 11 turns
  7464 | D:8      | Noticed Prince Ribbit
  7476 | D:8      | Killed Prince Ribbit
  7659 | D:8      | Reached ***** piety under Trog
  7993 | D:8      | Received a gift from Trog
  8726 | D:9      | Noticed a two-headed ogre
  8728 | D:9      | Reached XP level 11. HP: 49/68 MP: 11/11
  8730 | D:9      | Reached skill level 11 in Axes
  8742 | D:9      | HP: 3/102 [two-headed ogre/giant club (16)]
  8745 | D:9      | Killed a two-headed ogre
  8785 | D:9      | Found a staircase to the Orcish Mines.
  8786 | D:9      | Found Dexotiq's Weapon Shop.
  9095 | D:9      | Found a sacrificial altar of Ru.
  9280 | D:9      | Found a staircase to the Lair.
  9477 | D:10     | Entered Level 10 of the Dungeon
  9926 | D:10     | Noticed a wizard
  9934 | D:10     | Killed a wizard
 10833 | D:10     | Identified a +0 pair of boots of running (You found it on level 10 of the Dungeon)
 11185 | D:11     | Received a gift from Trog
 11281 | D:11     | Noticed an eight-headed hydra
 11291 | D:11     | Killed a 13-headed hydra
 12195 | D:12     | Noticed a tengu warrior
 12215 | D:12     | Killed a tengu warrior
 12215 | D:12     | Reached skill level 12 in Axes
 12380 | D:12     | Found a portal to a secret trove of treasure.
 12564 | D:12     | Reached XP level 12. HP: 74/76 MP: 4/12
 12612 | D:12     | Noticed a tengu warrior
 12634 | D:12     | Killed a tengu warrior
 13377 | Lair:1   | Entered Level 1 of the Lair of Beasts
 13585 | Lair:1   | Noticed an eight-headed hydra
 13592 | Lair:1   | Reached skill level 10 in Fighting
 13597 | Lair:1   | Killed a 15-headed hydra
 14136 | Lair:1   | Received a gift from Trog
 14215 | Lair:1   | Noticed Joseph
 14230 | Lair:1   | Killed Joseph
 14230 | Lair:1   | Reached skill level 13 in Axes
 14965 | Lair:2   | Reached skill level 5 in Stealth
 15197 | Lair:2   | HP: 1/79 [yak (8)]
 16353 | Lair:3   | Found a staircase to the Shoals.
 16487 | Lair:3   | Reached XP level 13. HP: 84/84 MP: 4/13
 16775 | Lair:3   | Reached skill level 14 in Axes
 17899 | D:13     | Noticed a vault guard
 17921 | D:13     | Shot with a bolt by a yaktaur

Skill      XL: |  1  2  3  4  5  6  7  8  9 10 11 12 13 |
---------------+----------------------------------------+-----
Axes           | 3 4 5 6 7 9 10 12 13 14 | 14.1
Dodging        | 2 3 4 5 6 7 8 9 |  9.8
Fighting       | 4 5 6 8 9 10 11 | 11.3
Stealth        | 1 2 3 4 5 |  5.4
Armour         | |  2.4

Action                   |  1- 3 |  4- 6 |  7- 9 | 10-12 | 13-15 || total
-------------------------+-------+-------+-------+-------+-------++-------
Melee: Hand axe          |   194 |   216 |   456 |   630 |       ||  1496
       Battleaxe         |       |       |       |   305 |    57 ||   362
Invok: Berserk           |       |     3 |     8 |    12 |     1 ||    24
       Burn Spellbooks   |       |     1 |       |     6 |       ||     7
  Use: Scroll            |       |    11 |     3 |    14 |     1 ||    29
       Potion            |       |       |     2 |    11 |       ||    13
 Stab: Sleeping          |       |     2 |     2 |     8 |     1 ||    13
  Eat: Chunk             |       |     7 |    17 |    29 |     3 ||    56
       Ration            |       |     1 |     1 |     6 |     1 ||     9
Armor: Animal skin       |    69 |    69 |   213 |   449 |    41 ||   841
Dodge: Dodged            |   123 |   136 |   390 |   777 |    88 ||  1514
